Workbook

Sheet Verificación Oferta Económica
C1: OFERTA ECONOMICA PROCESO SELECCION ABREVIADA DE MENOR CUANTIA Objeto: "CONTRATAR LOS SERVICIOS PARA LA EJECUCIÓN DE ESTRATEGIAS ORIENTADAS A LA PROMOCIÓN DE LA PAZ, LA MEMORIA Y LA RECONCILIACIÓN A LA POBLACIÓN VÍCTIMA DEL CONFLICTO ARMADO EN LA LOCALIDAD DE FONTIBÓN" FONDO DESARROLLO LOCAL DE FONTIBON" BOGOTÁ D.C
G2: 1. ASOCIACION DE HOGARES SI A LA VIDA NIT: 900175374 5 | L2: 2. CARLOS ALBERTO PINZON MOLINA NIT: 79867234 5 | Q2: 3. CONSULTORES Y ASESORES TIC SAS NIT: 901360556 5 | V2: 4. CORPORACION COLECTIVO DIGERATI NIT: 900360948 5 | AA2: 5. FUNDESCO NIT: 830133329 1 | AF2: 6. INVERSIONES VIRTUAL COLOMBIA S.A.S NIT: 900737926 3 | AK2: 7. OTRO ROLLO SOCIAL NIT: 900018217 5
A3: ITEM | B3: PRODUCTO | C3: DESCRIPCIÓN | D3: UNIDAD DE MEDIDA | E3: CANTIDAD | F3: VALOR TOTAL CON IMPUESTOS | G3: UNIDAD DE MEDIDA | H3: CANTIDAD | I3: VALOR TOTAL CON IMPUESTOS | J3: Corrección Aritmértica | K3: Diferencia | L3: UNIDAD DE MEDIDA | M3: CANTIDAD | N3: VALOR TOTAL CON IMPUESTOS | O3: Corrección Aritmértica | P3: Diferencia | Q3: UNIDAD DE MEDIDA | R3: CANTIDAD | S3: VALOR TOTAL CON IMPUESTOS | T3: Corrección Aritmértica | U3: Diferencia | V3: UNIDAD DE MEDIDA | W3: CANTIDAD | X3: VALOR TOTAL CON IMPUESTOS | Y3: Corrección Aritmértica | Z3: Diferencia | AA3: UNIDAD DE MEDIDA | AB3: CANTIDAD | AC3: VALOR TOTAL CON IMPUESTOS | AD3: Corrección Aritmértica | AE3: Diferencia | AF3: UNIDAD DE MEDIDA | AG3: CANTIDAD | AH3: VALOR TOTAL CON IMPUESTOS | AI3: Corrección Aritmértica | AJ3: Diferencia | AK3: UNIDAD DE MEDIDA | AL3: CANTIDAD | AM3: VALOR TOTAL CON IMPUESTOS | AN3: Corrección Aritmértica | AO3: Diferencia
A4: 1 | B4: Papel Kraft | C4: Rollo papel Kraft x 1 metro ancho x 100 metros de largo | D4: ROLLO | E4: 1 | F4: 119000 | G4: ROLLO | H4: 1 | I4: 119000 | J4: =ROUND(I4,0) -> 119000 | K4: =+$F4-J4 -> 0 | L4: ROLLO | M4: 1 | N4: 111860 | O4: =ROUND(N4,0) -> 111860 | P4: =+$F4-O4 -> 7140 | Q4: ROLLO | R4: 1 | S4: 119000 | T4: =ROUND(S4,0) -> 119000 | U4: =+$F4-T4 -> 0 | V4: ROLLO | W4: 1 | X4: 119000 | Y4: =ROUND(X4,0) -> 119000 | Z4: =+$F4-Y4 -> 0 | AA4: ROLLO | AB4: 1 | AC4: 119000 | AD4: =ROUND(AC4,0) -> 119000 | AE4: =+$F4-AD4 -> 0 | AF4: ROLLO | AG4: 1 | AH4: 99500 | AI4: =ROUND(AH4,0) -> 99500 | AJ4: =+$F4-AI4 -> 19500 | AK4: ROLLO | AL4: 1 | AM4: 118000 | AN4: =ROUND(AM4,0) -> 118000 | AO4: =+$F4-AN4 -> 1000
A5: 2 | B5: Marcadores | C5: Marcador resistente al agua con tinta de secado rápido | D5: CAJA X 6 | E5: 2 | F5: 103999.98 | G5: CAJA X 6 | H5: 2 | I5: 100000 | J5: =ROUND(I5,0) -> 100000 | K5: =+$F5-J5 -> 3999.9786 | L5: CAJA X 6 | M5: 2 | N5: 97759 | O5: =ROUND(N5,0) -> 97759 | P5: =+$F5-O5 -> 6240.9786 | Q5: CAJA X 6 | R5: 2 | S5: 101920 | T5: =ROUND(S5,0) -> 101920 | U5: =+$F5-T5 -> 2079.9786 | V5: CAJA X 6 | W5: 2 | X5: 104000 | Y5: =ROUND(X5,0) -> 104000 | Z5: =+$F5-Y5 -> -0.0214 | AA5: CAJA X 6 | AB5: 2 | AC5: 104000 | AD5: =ROUND(AC5,0) -> 104000 | AE5: =+$F5-AD5 -> -0.0214 | AF5: CAJA X 6 | AG5: 2 | AH5: 100000 | AI5: =ROUND(AH5,0) -> 100000 | AJ5: =+$F5-AI5 -> 3999.9786 | AK5: CAJA X 6 | AL5: 2 | AM5: 103000 | AN5: =ROUND(AM5,0) -> 103000 | AO5: =+$F5-AN5 -> 999.9786
A6: 3 | B6: Paletas | C6: Paleta acrílica circular con 10 cavidades. | D6: UND | E6: 10 | F6: 139230 | G6: UND | H6: 10 | I6: 130000 | J6: =ROUND(I6,0) -> 130000 | K6: =+$F6-J6 -> 9230 | L6: UND | M6: 10 | N6: 130876 | O6: =ROUND(N6,0) -> 130876 | P6: =+$F6-O6 -> 8354 | Q6: UND | R6: 10 | S6: 136445 | T6: =ROUND(S6,0) -> 136445 | U6: =+$F6-T6 -> 2785 | V6: UND | W6: 10 | X6: 139230 | Y6: =ROUND(X6,0) -> 139230 | Z6: =+$F6-Y6 -> 0 | AA6: UND | AB6: 10 | AC6: 139230 | AD6: =ROUND(AC6,0) -> 139230 | AE6: =+$F6-AD6 -> 0 | AF6: UND | AG6: 10 | AH6: 110000 | AI6: =ROUND(AH6,0) -> 110000 | AJ6: =+$F6-AI6 -> 29230 | AK6: UND | AL6: 10 | AM6: 135000 | AN6: =ROUND(AM6,0) -> 135000 | AO6: =+$F6-AN6 -> 4230
A7: 4 | B7: Lápices | C7: Lapiz negro mirado No 2 HB | D7: UND | E7: 36 | F7: 28151.878 | G7: UND | H7: 36 | I7: 28000 | J7: =ROUND(I7,0) -> 28000 | K7: =+$F7-J7 -> 151.8776 | L7: UND | M7: 36 | N7: 26462 | O7: =ROUND(N7,0) -> 26462 | P7: =+$F7-O7 -> 1689.8776 | Q7: UND | R7: 36 | S7: 27589 | T7: =ROUND(S7,0) -> 27589 | U7: =+$F7-T7 -> 562.8776 | V7: UND | W7: 36 | X7: 28152 | Y7: =ROUND(X7,0) -> 28152 | Z7: =+$F7-Y7 -> -0.1224 | AA7: UND | AB7: 36 | AC7: 28152 | AD7: =ROUND(AC7,0) -> 28152 | AE7: =+$F7-AD7 -> -0.1224 | AF7: UND | AG7: 36 | AH7: 28100 | AI7: =ROUND(AH7,0) -> 28100 | AJ7: =+$F7-AI7 -> 51.8776 | AK7: UND | AL7: 36 | AM7: 27000 | AN7: =ROUND(AM7,0) -> 27000 | AO7: =+$F7-AN7 -> 1151.8776
A8: 5 | B8: Tajalápiz | C8: Tajalapiz metalico 24 UND Econo | D8: CAJA X 24 | E8: 2 | F8: 13837.986 | G8: CAJA X 24 | H8: 2 | I8: 13500 | J8: =ROUND(I8,0) -> 13500 | K8: =+$F8-J8 -> 337.9864 | L8: CAJA X 24 | M8: 2 | N8: 13007 | O8: =ROUND(N8,0) -> 13007 | P8: =+$F8-O8 -> 830.9864 | Q8: CAJA X 24 | R8: 2 | S8: 13561 | T8: =ROUND(S8,0) -> 13561 | U8: =+$F8-T8 -> 276.9864 | V8: CAJA X 24 | W8: 2 | X8: 13838 | Y8: =ROUND(X8,0) -> 13838 | Z8: =+$F8-Y8 -> -0.0136 | AA8: CAJA X 24 | AB8: 2 | AC8: 13838 | AD8: =ROUND(AC8,0) -> 13838 | AE8: =+$F8-AD8 -> -0.0136 | AF8: CAJA X 24 | AG8: 2 | AH8: 13800 | AI8: =ROUND(AH8,0) -> 13800 | AJ8: =+$F8-AI8 -> 37.9864 | AK8: CAJA X 24 | AL8: 2 | AM8: 12000 | AN8: =ROUND(AM8,0) -> 12000 | AO8: =+$F8-AN8 -> 1837.9864
A9: 6 | B9: Borradores | C9: borrador de nata grafito 724 caja x 24 unidades | D9: CAJAX24 | E9: 1 | F9: 13685 | G9: CAJAX24 | H9: 1 | I9: 13500 | J9: =ROUND(I9,0) -> 13500 | K9: =+$F9-J9 -> 185 | L9: CAJAX24 | M9: 1 | N9: 12863 | O9: =ROUND(N9,0) -> 12863 | P9: =+$F9-O9 -> 822 | Q9: CAJAX24 | R9: 1 | S9: 13411 | T9: =ROUND(S9,0) -> 13411 | U9: =+$F9-T9 -> 274 | V9: CAJAX24 | W9: 1 | X9: 13685 | Y9: =ROUND(X9,0) -> 13685 | Z9: =+$F9-Y9 -> 0 | AA9: CAJAX24 | AB9: 1 | AC9: 13685 | AD9: =ROUND(AC9,0) -> 13685 | AE9: =+$F9-AD9 -> 0 | AF9: CAJAX24 | AG9: 1 | AH9: 13600 | AI9: =ROUND(AH9,0) -> 13600 | AJ9: =+$F9-AI9 -> 85 | AK9: CAJAX24 | AL9: 1 | AM9: 12000 | AN9: =ROUND(AM9,0) -> 12000 | AO9: =+$F9-AN9 -> 1685
A10: 7 | B10: Resma de papel | C10: Modelo: Carta- Formato: Envoltorio de Resma- Cantidad: 500 hjs- Material: A base de Caña de Azúcar- Dimensiones: 21.6 x 27.9 cm- Peso: 75 grs/m²- Color: Blanco- Blancura/Albura: 92%- Tolerancia: (+ o - ) 5% en Cantidad. 100% Reciclables. | D10: UND | E10: 1 | F10: 30399.74 | G10: UND | H10: 1 | I10: 27000 | J10: =ROUND(I10,0) -> 27000 | K10: =+$F10-J10 -> 3399.74 | L10: UND | M10: 1 | N10: 28575 | O10: =ROUND(N10,0) -> 28575 | P10: =+$F10-O10 -> 1824.74 | Q10: UND | R10: 1 | S10: 29792 | T10: =ROUND(S10,0) -> 29792 | U10: =+$F10-T10 -> 607.74 | V10: UND | W10: 1 | X10: 30400 | Y10: =ROUND(X10,0) -> 30400 | Z10: =+$F10-Y10 -> -0.26 | AA10: UND | AB10: 1 | AC10: 30400 | AD10: =ROUND(AC10,0) -> 30400 | AE10: =+$F10-AD10 -> -0.26 | AF10: UND | AG10: 1 | AH10: 27500 | AI10: =ROUND(AH10,0) -> 27500 | AJ10: =+$F10-AI10 -> 2899.74 | AK10: UND | AL10: 1 | AM10: 30000 | AN10: =ROUND(AM10,0) -> 30000 | AO10: =+$F10-AN10 -> 399.74
A11: 8 | B11: Aerosol | C11: Caja por 6 unidades de pintura profesional 100% acrílica orgánica en aerosol de alta densidad y resistencia, multisuperficie de 400 ml en colores surtidos (según carta de colores de los artistas). | D11: UND | E11: 25 | F11: 3467547.8 | G11: UND | H11: 25 | I11: 3375000 | J11: =ROUND(I11,0) -> 3375000 | K11: =+$F11-J11 -> 92547.843 | L11: UND | M11: 25 | N11: 3259494 | O11: =ROUND(N11,0) -> 3259494 | P11: =+$F11-O11 -> 208053.84 | Q11: UND | R11: 25 | S11: 3398197 | T11: =ROUND(S11,0) -> 3398197 | U11: =+$F11-T11 -> 69350.843 | V11: UND | W11: 25 | X11: 2000000 | Y11: =ROUND(X11,0) -> 2000000 | Z11: =+$F11-Y11 -> 1467547.8 | AA11: UND | AB11: 25 | AC11: 3467548 | AD11: =ROUND(AC11,0) -> 3467548 | AE11: =+$F11-AD11 -> -0.1575 | AF11: UND | AG11: 25 | AH11: 2950000 | AI11: =ROUND(AH11,0) -> 2950000 | AJ11: =+$F11-AI11 -> 517547.84 | AK11: UND | AL11: 25 | AM11: 3433000 | AN11: =ROUND(AM11,0) -> 3433000 | AO11: =+$F11-AN11 -> 34547.843
A12: 9 | B12: Lija | C12: Lija para pared de 28 cm x 23 cm, grano 100 x 25 Und | D12: UND | E12: 5 | F12: 124950 | G12: UND | H12: 5 | I12: 122500 | J12: =ROUND(I12,0) -> 122500 | K12: =+$F12-J12 -> 2450 | L12: UND | M12: 5 | N12: 117453 | O12: =ROUND(N12,0) -> 117453 | P12: =+$F12-O12 -> 7497 | Q12: UND | R12: 5 | S12: 122451 | T12: =ROUND(S12,0) -> 122451 | U12: =+$F12-T12 -> 2499 | V12: UND | W12: 5 | X12: 124950 | Y12: =ROUND(X12,0) -> 124950 | Z12: =+$F12-Y12 -> 0 | AA12: UND | AB12: 5 | AC12: 124950 | AD12: =ROUND(AC12,0) -> 124950 | AE12: =+$F12-AD12 -> 0 | AF12: UND | AG12: 5 | AH12: 100000 | AI12: =ROUND(AH12,0) -> 100000 | AJ12: =+$F12-AI12 -> 24950 | AK12: UND | AL12: 5 | AM12: 123000 | AN12: =ROUND(AM12,0) -> 123000 | AO12: =+$F12-AN12 -> 1950
A13: 10 | B13: Cinta de enmascarar | C13: Cinta adhesiva de enmascarar rollo 50 mm | D13: UND | E13: 10 | F13: 139825 | G13: UND | H13: 10 | I13: 135000 | J13: =ROUND(I13,0) -> 135000 | K13: =+$F13-J13 -> 4825 | L13: UND | M13: 10 | N13: 131435 | O13: =ROUND(N13,0) -> 131435 | P13: =+$F13-O13 -> 8390 | Q13: UND | R13: 10 | S13: 137029 | T13: =ROUND(S13,0) -> 137029 | U13: =+$F13-T13 -> 2796 | V13: UND | W13: 10 | X13: 139825 | Y13: =ROUND(X13,0) -> 139825 | Z13: =+$F13-Y13 -> 0 | AA13: UND | AB13: 10 | AC13: 139825 | AD13: =ROUND(AC13,0) -> 139825 | AE13: =+$F13-AD13 -> 0 | AF13: UND | AG13: 10 | AH13: 125000 | AI13: =ROUND(AH13,0) -> 125000 | AJ13: =+$F13-AI13 -> 14825 | AK13: UND | AL13: 10 | AM13: 138000 | AN13: =ROUND(AM13,0) -> 138000 | AO13: =+$F13-AN13 -> 1825
A14: 11 | B14: Cinta de enmascarar | C14: Cinta enmascarar 24 MM x 40m Klipp | D14: UND | E14: 10 | F14: 58286.676 | G14: UND | H14: 10 | I14: 58000 | J14: =ROUND(I14,0) -> 58000 | K14: =+$F14-J14 -> 286.676 | L14: UND | M14: 10 | N14: 54789 | O14: =ROUND(N14,0) -> 54789 | P14: =+$F14-O14 -> 3497.676 | Q14: UND | R14: 10 | S14: 57121 | T14: =ROUND(S14,0) -> 57121 | U14: =+$F14-T14 -> 1165.676 | V14: UND | W14: 10 | X14: 58287 | Y14: =ROUND(X14,0) -> 58287 | Z14: =+$F14-Y14 -> -0.324 | AA14: UND | AB14: 10 | AC14: 58287 | AD14: =ROUND(AC14,0) -> 58287 | AE14: =+$F14-AD14 -> -0.324 | AF14: UND | AG14: 10 | AH14: 58200 | AI14: =ROUND(AH14,0) -> 58200 | AJ14: =+$F14-AI14 -> 86.676 | AK14: UND | AL14: 10 | AM14: 57000 | AN14: =ROUND(AM14,0) -> 57000 | AO14: =+$F14-AN14 -> 1286.676
A15: 12 | B15: Vinilo Tipo 1 | C15: Vinilos de colores galón (blanco, negro, rojo, verde, azul, amarillo) GALON | D15: UND | E15: 25 | F15: 4760000 | G15: UND | H15: 25 | I15: 4625000 | J15: =ROUND(I15,0) -> 4625000 | K15: =+$F15-J15 -> 135000 | L15: UND | M15: 25 | N15: 4474400 | O15: =ROUND(N15,0) -> 4474400 | P15: =+$F15-O15 -> 285600 | Q15: UND | R15: 25 | S15: 4664800 | T15: =ROUND(S15,0) -> 4664800 | U15: =+$F15-T15 -> 95200 | V15: UND | W15: 25 | X15: 2000000 | Y15: =ROUND(X15,0) -> 2000000 | Z15: =+$F15-Y15 -> 2760000 | AA15: UND | AB15: 25 | AC15: 4760000 | AD15: =ROUND(AC15,0) -> 4760000 | AE15: =+$F15-AD15 -> 0 | AF15: UND | AG15: 25 | AH15: 4400000 | AI15: =ROUND(AH15,0) -> 4400000 | AJ15: =+$F15-AI15 -> 360000 | AK15: UND | AL15: 25 | AM15: 4750000 | AN15: =ROUND(AM15,0) -> 4750000 | AO15: =+$F15-AN15 -> 10000
... A42: 39 | B42: Diseñador/a Gráfico (Profesional Universitario I) | C42: Profesional en diseño gráfico o afines. Con dedicacion laboral del 100% | D42: MES | E42: 3 | F42: 14754000 | G42: MES | H42: 3 | I42: 14000000 | J42: =ROUND(I42,0) -> 14000000 | K42: =+$F42-J42 -> 754000 | L42: MES | M42: 3 | N42: 14754000 | O42: =ROUND(N42,0) -> 14754000 | P42: =+$F42-O42 -> 0 | Q42: MES | R42: 3 | S42: 14754000 | T42: =ROUND(S42,0) -> 14754000 | U42: =+$F42-T42 -> 0 | V42: MES | W42: 3 | X42: 14754000 | Y42: =ROUND(X42,0) -> 14754000 | Z42: =+$F42-Y42 -> 0 | AA42: MES | AB42: 3 | AC42: 14754000 | AD42: =ROUND(AC42,0) -> 14754000 | AE42: =+$F42-AD42 -> 0 | AF42: MES | AG42: 3 | AH42: 14700000 | AI42: =ROUND(AH42,0) -> 14700000 | AJ42: =+$F42-AI42 -> 54000 | AK42: MES | AL42: 3 | AM42: 14400000 | AN42: =ROUND(AM42,0) -> 14400000 | AO42: =+$F42-AN42 -> 354000
E43: TOTAL | F43: =SUM(F4:F42) -> 2.6388571e+08 | H43: TOTAL | I43: =SUM(I4:I42) -> 259471000 | J43: =SUM(J4:J42) -> 259471000 | K43: =SUM(K4:K42) -> 4414712 | M43: TOTAL | N43: =SUM(N4:N42) -> 262485855 | O43: =SUM(O4:O42) -> 262485855 | P43: =SUM(P4:P42) -> 1399857 | R43: TOTAL | S43: =SUM(S4:S42) -> 263326981 | T43: =SUM(T4:T42) -> 263326981 | U43: =SUM(U4:U42) -> 558731.03 | W43: TOTAL | X43: =SUM(X4:X42) -> 262589165 | Y43: =SUM(Y4:Y42) -> 262589165 | Z43: =SUM(Z4:Z42) -> 1296547 | AB43: TOTAL | AC43: =SUM(AC4:AC42) -> 259635713 | AD43: =SUM(AD4:AD42) -> 259635713 | AE43: =SUM(AE4:AE42) -> 4249999 | AG43: TOTAL | AH43: =SUM(AH4:AH42) -> 259039700 | AI43: =SUM(AI4:AI42) -> 259039700 | AJ43: =SUM(AJ4:AJ42) -> 4846012 | AL43: TOTAL | AM43: =SUM(AM4:AM42) -> 261778000 | AN43: =SUM(AN4:AN42) -> 261778000 | AO43: =SUM(AO4:AO42) -> 2107712

Sheet 3. EvE - M. Geométrica
A1: FDLF-SAMC-004-2025 | C1: MEDIA GEOMETRICA | D1: Puntaje Factor Económico | E1: 49.5
A2: MÉTODO MEDIA GEOMÉTRICA CON PRESUPUESTO | C2: =POWER(PRODUCT(C5:C7)*POWER($E$3,$C$3),1/(COUNTA(C5:C7)+$C$3)) -> 2.6136279e+08 | D2: TRM del: 16/12/2025 | E2: 3817.59
B3: Número de veces PO (nv) | C3: =INT((COUNTA(C5:C7)-1)/3)+1 -> 1 | D3: Valor total del Presupuesto Oficial | E3: 263885712
A4: N° | B4: Proponente | C4: Valor Oferta | D4: Puntaje Obtenido | E4: Orden Puntuación Factor Económico | F4: Oferta Artificialmente Baja | G4: =(MEDIAN($C$5:$C$7)-_xlfn.STDEV.P($C$5:$C$7)) -> 2.5825169e+08
A5: 2 | B5: CARLOS ALBERTO PINZON MOLINA | C5: 262485855 | D5: =MAX(0,(1-ABS($C$2-C5)/$C$2)*$E$1)+0.21 -> 49.497301 | E5: =RANK(D5,$D$5:$D$7,0) -> 1 | F5: =IF(C5<(MEDIAN($C$5:$C$7)-_xlfn.STDEV.P($C$5:$C$7)),"Posible OAB","Normal") -> Normal
A6: 5 | B6: FUNDESCO | C6: 259635713 | D6: =MAX(0,(1-ABS($C$2-C6)/$C$2)*$E$1) -> 49.172905 | E6: =RANK(D6,$D$5:$D$7,0) -> 2
A7: 1 | B7: ASOCIACION DE HOGARES SI A LA VIDA | C7: 259471000 | D7: =MAX(0,(1-ABS($C$2-C7)/$C$2)*$E$1) -> 49.14171 | E7: =RANK(D7,$D$5:$D$7,0) -> 3 | F7: =IF(C7<(MEDIAN($C$5:$C$7)-_xlfn.STDEV.P($C$5:$C$7)),"Posible OAB","Normal") -> Normal
A34: https://suameca.banrep.gov.co/graficador-series/#/grafica/1
A39: Magda Cristina Vargas Del Valle
A40: Profesional Área de Planeación - FDL Fontibón
A41: Comité Evaluador Financiero

Sheet Resultados-OAB Rela
B2: HERRAMIENTA DE ANÁLISIS PARA EL MANEJO DE OFERTAS ARTIFICIALMENTE BAJAS EN PROCESOS DE CONTRATACIÓN
B3: Notas 1) La siguiente herramienta se configura cómo un mecanismo que coadyuve a las Entidades Estatales a realizar el ejercicio de revisión y análisis de las ofertas recibidas en los procesos de contratación, de conformidad con los lineamientos definidos en la "Guía para el manejo de ofertas artificialmente bajas en Procesos de Contratación", ANCP - CCE. 2) Es importante indicar que la herramienta se constituye como un insumo para realizar el ejercicio de análisis, sin embargo, es obligatorio reiterar que la Entidad se encuentra facultada y deberá realizar los análisis adicionales que considere necesarios de acuerdo con las particularidades del proceso de selección o determinar la metodología que considere con base en la que validarán los precios artificialmente bajos. Esto, en virtud del principio de autonomía de la voluntad que les otorga el ordenamiento jurídico. 3) Para su uso, deberán diligenciar las celdas de color azul. 4) La hoja "Resultados-OAB" se retroalimenta de manera automática con el diligenciamiento de la hoja "3. EvE - M. Geométrica" 5) Si la Entidad tiene un mayor número de ofertas habilitadas en el proceso, se recomienda incluir filas adicionales en la hoja "3. EvE - M. Geométrica" y ajustar las fórmulas en la hoja "Resultados-OAB".
B7: INFORMACIÓN SOPORTE PARA EL ANÁLISIS
B9: Cantidad de Ofertas Habilitadas | F9: =COUNTIF('3. EvE - M. Geométrica'!A5:A7,">0") -> 3
B11: Método de comparación a utilizar | F11: =IF($F$9<5,"Absoluta","Relativa") -> Absoluta
B13: VARIABLES A UTILIZAR
B15: Mediana | F15: =IF($F$11="","",IFERROR(IF($F$11="Absoluta","No aplica",ROUND(MEDIAN('3. EvE - M. Geométrica'!C5:C7),0)),"")) -> No aplica
B17: Desviación estandar | F17: =IF($F$11="","",IFERROR(IF($F$11="Absoluta","No aplica",ROUND(_xlfn.STDEV.P('3. EvE - M. Geométrica'!C5:C7),0)),"")) -> No aplica
B19: Valor mínimo aceptable | F19: =IFERROR(IF($F$11="Absoluta","No aplica",ROUND(F15-F17,0)),"") -> No aplica
B21: Presupuesto del proceso o sumatoria de precios unitarios (costo estimado del contrato): | F21: ='3. EvE - M. Geométrica'!$E$3 -> 263885712
B23: OFERTAS RECIBIDAS
B24: No. | C24: Proponente | D24: Valor Total de la Oferta o Sumatoria de precios unitarios | E24: Oferta Artificialmente Baja | F24: =+"% Diferencia de la oferta con respecto al "&IF($F$11="Absoluta","Costo Estimado del contrato","Valor mínimo aceptable") -> % Diferencia de la oferta con respecto al Costo Estimado del contrato
B25: ='3. EvE - M. Geométrica'!A5 -> 2 | C25: ='3. EvE - M. Geométrica'!B5 -> CARLOS ALBERTO PINZON MOLINA | D25: ='3. EvE - M. Geométrica'!C5 -> 262485855 | E25: =IF(D25<$F$19,"Posible OAB","Normal") -> Posible OAB | F25: =IFERROR(IF($F$11="Absoluta",D25/$F$21-1,D25/$F$19-1),"") -> -0.0053047851
B26: ='3. EvE - M. Geométrica'!A6 -> 5 | C26: ='3. EvE - M. Geométrica'!B6 -> FUNDESCO | D26: ='3. EvE - M. Geométrica'!C6 -> 259635713 | E26: =IF(D26<$F$19,"Posible OAB","Normal") -> Posible OAB | F26: =IFERROR(IF($F$11="Absoluta",D26/$F$21-1,D26/$F$19-1),"") -> -0.016105453
B27: ='3. EvE - M. Geométrica'!A7 -> 1 | C27: ='3. EvE - M. Geométrica'!B7 -> ASOCIACION DE HOGARES SI A LA VIDA | D27: ='3. EvE - M. Geométrica'!C7 -> 259471000 | E27: =IF(D27<$F$19,"Posible OAB","Normal") -> Posible OAB | F27: =IFERROR(IF($F$11="Absoluta",D27/$F$21-1,D27/$F$19-1),"") -> -0.016729636
B28: ='[1]3. EvE - M. Geométrica'!A26 -> 0 | C28: ='[1]3. EvE - M. Geométrica'!B26 -> 0 | D28: ='[1]3. EvE - M. Geométrica'!C26 -> 0 | F28: =IFERROR(IF($F$11="Absoluta",D28/$F$21-1,D28/$F$19-1),"") -> -1
B29: ='[1]3. EvE - M. Geométrica'!A27 -> 0 | C29: ='[1]3. EvE - M. Geométrica'!B27 -> 0 | D29: ='[1]3. EvE - M. Geométrica'!C27 -> 0 | F29: =IFERROR(IF($F$11="Absoluta",D29/$F$21-1,D29/$F$19-1),"") -> -1
B30: ='[1]3. EvE - M. Geométrica'!A28 -> 0 | C30: ='[1]3. EvE - M. Geométrica'!B28 -> 0 | D30: ='[1]3. EvE - M. Geométrica'!C28 -> 0 | F30: =IFERROR(IF($F$11="Absoluta",D30/$F$21-1,D30/$F$19-1),"") -> -1
B31: ='[1]3. EvE - M. Geométrica'!#REF! -> #REF! | C31: ='[1]3. EvE - M. Geométrica'!#REF! -> #REF! | D31: ='[1]3. EvE - M. Geométrica'!#REF! -> #REF! | F31: =IFERROR(IF($F$11="Absoluta",D31/$F$21-1,D31/$F$19-1),"")
B32: ='[1]3. EvE - M. Geométrica'!A34 -> 0 | C32: ='[1]3. EvE - M. Geométrica'!B34 -> 0 | D32: ='[1]3. EvE - M. Geométrica'!C34 -> 0 | F32: =IFERROR(IF($F$11="Absoluta",D32/$F$21-1,D32/$F$19-1),"") -> -1
B33: ='[1]3. EvE - M. Geométrica'!A35 -> 0 | C33: ='[1]3. EvE - M. Geométrica'!B35 -> 0 | D33: ='[1]3. EvE - M. Geométrica'!C35 -> 0 | F33: =IFERROR(IF($F$11="Absoluta",D33/$F$21-1,D33/$F$19-1),"") -> -1
B34: ='[1]3. EvE - M. Geométrica'!A36 -> 0 | C34: ='[1]3. EvE - M. Geométrica'!B36 -> 0 | D34: ='[1]3. EvE - M. Geométrica'!C36 -> 0 | F34: =IFERROR(IF($F$11="Absoluta",D34/$F$21-1,D34/$F$19-1),"") -> -1
B35: ='[1]3. EvE - M. Geométrica'!A37 -> 0 | C35: ='[1]3. EvE - M. Geométrica'!B37 -> 0 | D35: ='[1]3. EvE - M. Geométrica'!C37 -> 0 | F35: =IFERROR(IF($F$11="Absoluta",D35/$F$21-1,D35/$F$19-1),"") -> -1
B36: ='[1]3. EvE - M. Geométrica'!A38 -> 0 | C36: ='[1]3. EvE - M. Geométrica'!B38 -> 0 | D36: ='[1]3. EvE - M. Geométrica'!C38 -> 0 | F36: =IFERROR(IF($F$11="Absoluta",D36/$F$21-1,D36/$F$19-1),"") -> -1
B37: ='[1]3. EvE - M. Geométrica'!A39 -> Magda Cristina Vargas Del Valle | C37: ='[1]3. EvE - M. Geométrica'!B39 -> 0 | D37: ='[1]3. EvE - M. Geométrica'!C39 -> 0 | F37: =IFERROR(IF($F$11="Absoluta",D37/$F$21-1,D37/$F$19-1),"") -> -1
B38: ='[1]3. EvE - M. Geométrica'!A40 -> Profesional Área de Contratacion - FDL Suba | C38: ='[1]3. EvE - M. Geométrica'!B40 -> 0 | D38: ='[1]3. EvE - M. Geométrica'!C40 -> 0 | F38: =IFERROR(IF($F$11="Absoluta",D38/$F$21-1,D38/$F$19-1),"") -> -1
B39: ='[1]3. EvE - M. Geométrica'!A41 -> Comité Evaluador Financiero | C39: ='[1]3. EvE - M. Geométrica'!B41 -> 0 | D39: ='[1]3. EvE - M. Geométrica'!C41 -> 0 | F39: =IFERROR(IF($F$11="Absoluta",D39/$F$21-1,D39/$F$19-1),"") -> -1
B40: ='[1]3. EvE - M. Geométrica'!A42 -> 0 | C40: ='[1]3. EvE - M. Geométrica'!B42 -> 0 | D40: ='[1]3. EvE - M. Geométrica'!C42 -> 0 | F40: =IFERROR(IF($F$11="Absoluta",D40/$F$21-1,D40/$F$19-1),"") -> -1
B41: ='[1]3. EvE - M. Geométrica'!A43 -> 0 | C41: ='[1]3. EvE - M. Geométrica'!B43 -> 0 | D41: ='[1]3. EvE - M. Geométrica'!C43 -> 0 | F41: =IFERROR(IF($F$11="Absoluta",D41/$F$21-1,D41/$F$19-1),"") -> -1
B42: ='[1]3. EvE - M. Geométrica'!A44 -> 0 | C42: ='[1]3. EvE - M. Geométrica'!B44 -> 0 | D42: ='[1]3. EvE - M. Geométrica'!C44 -> 0 | F42: =IFERROR(IF($F$11="Absoluta",D42/$F$21-1,D42/$F$19-1),"") -> -1
B43: ='[1]3. EvE - M. Geométrica'!A45 -> 0 | C43: ='[1]3. EvE - M. Geométrica'!B45 -> 0 | D43: ='[1]3. EvE - M. Geométrica'!C45 -> 0 | F43: =IFERROR(IF($F$11="Absoluta",D43/$F$21-1,D43/$F$19-1),"") -> -1
... B48: ='[1]3. EvE - M. Geométrica'!A50 -> 0 | C48: ='[1]3. EvE - M. Geométrica'!B50 -> 0 | D48: ='[1]3. EvE - M. Geométrica'!C50 -> 0 | F48: =IFERROR(IF($F$11="Absoluta",D48/$F$21-1,D48/$F$19-1),"") -> -1
B54: Magda Cristina Vargas Del Valle
B55: Profesional Área de Contratacion - FDL Fontibón
B56: Comité Evaluador Financiero
